| TOP OF THE 1ST |
|
Reading Phillies batting - Pitching for Lynn Sailors : RHP David Cone
|
|
Pitching: RHP David Cone
|
|
|
Batting: LHB George Johnson
|
0-0: Ball 1-0: Foul Ball, location: 2F 1-1: Ball 2-1: Foul Ball, location: 2F 2-2: SINGLE (Groundball, 4M, EV 86.3 MPH) (infield hit)
|
|
Batting: LHB Paul Hertzler
|
0-0: Foul Ball, location: 2F 0-1: Ball 1-1: Ball 2-1: Foul Ball, location: 2F 2-2: Fielders Choice at 2nd, 4-6 (Groundball, 4, EV 83.8 MPH)
|
|
Batting: LHB Martino Martin
|
0-0: Ball Paul Hertzler steals 2nd base 1-0: Called Strike 1-1: SINGLE (Groundball, 23, EV 62.5 MPH) (infield hit) Paul Hertzler to third
|
|
Batting: LHB Jerald Hammermeister
|
0-0: Called Strike 0-1: Ball 1-1: Swinging Strike 1-2: Foul Ball, location: 2F 1-2: Ball 2-2: Fly out, F5 (Popup, 5SF, EV 65.6 MPH)
|
|
Batting: LHB Pedro Rabassa
|
0-0: Called Strike 0-1: Swinging Strike 0-2: Foul Ball, location: 2F 0-2: Strikes out looking
|
| Top of the 1st over - 0 runs, 2 hits, 0 errors, 2 left on base; Reading 0 - Lynn 0 |
| BOTTOM OF THE 1ST |
|
Lynn Sailors batting - Pitching for Reading Phillies : LHP John Cerutti
|
|
Pitching: LHP John Cerutti
|
|
|
Batting: RHB Ron Wotus
|
0-0: Ball 1-0: SINGLE (Line Drive, 78S, EV 104.4 MPH)
|
|
Batting: SHB Bip Roberts
|
0-0: Swinging Strike 0-1: Ball 1-1: Ball 2-1: TRIPLE (Line Drive, 89XD, EV 102.5 MPH) Ron Wotus scores
|
|
Batting: RHB Mike Rubel
|
0-0: Called Strike 0-1: Ball 1-1: Ground out 1-3 (Groundball, 34S, EV 67.5 MPH)
|
|
Batting: RHB Ken Gerhart
|
0-0: Swinging Strike 0-1: Ball 1-1: Ball 2-1: Called Strike 2-2: Strikes out swinging
|
|
Batting: RHB Mike Reddish
|
0-0: Called Strike 0-1: Ball 1-1: Foul Ball, location: 2F 1-2: Fly out, F8 (Flyball, 8RS, EV 91.9 MPH)
|
| Bottom of the 1st over - 1 run, 2 hits, 0 errors, 1 left on base; Reading 0 - Lynn 1 |
| TOP OF THE 2ND |
|
Reading Phillies batting - Pitching for Lynn Sailors : RHP David Cone
|
|
Batting: RHB Gabe Morales
|
0-0: Ball 1-0: Ball 2-0: SINGLE (Line Drive, 9S, EV 92.5 MPH)
|
|
Batting: SHB Doug Baker
|
0-0: Ball 1-0: Ball 2-0: Ball 3-0: Called Strike 3-1: Called Strike 3-2: Foul Ball, location: 2F 3-2: Strikes out looking
|
|
Batting: RHB Mark Sproesser
|
0-0: Ball 1-0: Ball 2-0: SINGLE (Flyball, 4MD, EV 96.3 MPH) Gabe Morales to second
|
|
Batting: LHB Alex Mata
|
0-0: Called Strike 0-1: Ball 1-1: Ball 2-1: Ball 3-1: Base on Balls Gabe Morales to third Mark Sproesser to second
|
|
Batting: LHB George Johnson
|
0-0: Called Strike 0-1: Called Strike 0-2: Strikes out looking
|
|
Batting: LHB Paul Hertzler
|
0-0: Ball 1-0: Called Strike 1-1: Foul Ball, location: 2F 1-2: Ball 2-2: Fly out, F7 (Line Drive, 7, EV 84.4 MPH)
|
| Top of the 2nd over - 0 runs, 2 hits, 0 errors, 3 left on base; Reading 0 - Lynn 1 |
| BOTTOM OF THE 2ND |
|
Lynn Sailors batting - Pitching for Reading Phillies : LHP John Cerutti
|
|
Batting: RHB Jorge Hinojosa
|
0-0: Ball 1-0: SINGLE (Line Drive, 89M, EV 86.3 MPH)
|
|
Batting: RHB Vinny Jaramillo
|
0-0: DOUBLE (Flyball, 9LD, EV 100.6 MPH) Jorge Hinojosa to third
|
|
Batting: SHB Danny Gans
|
0-0: Ball Passed Ball! Jorge Hinojosa scores Vinny Jaramillo to third 1-0: Ground out 5-3 (Groundball, 56, EV 81.9 MPH) Vinny Jaramillo scores
|
|
Batting: RHB Ezequiel Carrasco
|
0-0: Called Strike 0-1: Ball 1-1: Swinging Strike 1-2: Foul Ball, location: 2F 1-2: Ball 2-2: Foul Ball, location: 2F 2-2: Fly out, F4 (Popup, 4S, EV 83.8 MPH)
|
|
Batting: RHB Ron Wotus
|
0-0: Called Strike 0-1: Ground out 4-3 (Groundball, 4, EV 88.1 MPH)
|
| Bottom of the 2nd over - 2 runs, 2 hits, 0 errors, 0 left on base; Reading 0 - Lynn 3 |
| TOP OF THE 3RD |
|
Reading Phillies batting - Pitching for Lynn Sailors : RHP David Cone
|
|
Batting: LHB Martino Martin
|
0-0: Ball 1-0: SINGLE (Line Drive, 6D, EV 99.4 MPH)
|
|
Batting: LHB Jerald Hammermeister
|
0-0: Ball 1-0: Foul Ball, location: 2F 1-1: Ball 2-1: Foul Ball, location: 2F 2-2: Foul Ball, location: 2F 2-2: Ball 3-2: Foul Ball, location: 2F 3-2: Base on Balls Martino Martin to second
|
|
Batting: LHB Pedro Rabassa
|
0-0: Called Strike 0-1: Ball 1-1: Ball 2-1: Called Strike 2-2: Strikes out swinging
|
|
Batting: RHB Gabe Morales
|
0-0: Ball 1-0: Ball Martino Martin is caught stealing 3rd base 2-5 2-0: Called Strike 2-1: Fly out, F8 (Flyball, 8LXD, EV 90.0 MPH)
|
| Top of the 3rd over - 0 runs, 1 hit, 0 errors, 1 left on base; Reading 0 - Lynn 3 |
| BOTTOM OF THE 3RD |
|
Lynn Sailors batting - Pitching for Reading Phillies : LHP John Cerutti
|
|
Batting: SHB Bip Roberts
|
0-0: Called Strike 0-1: Foul Ball, location: 2F 0-2: Foul Ball, location: 2F 0-2: Ball 1-2: Ball 2-2: TRIPLE (Line Drive, 9D, EV 101.3 MPH)
|
|
Batting: RHB Mike Rubel
|
0-0: Called Strike 0-1: Ball 1-1: Called Strike 1-2: Ball 2-2: Fly out, F8 (Flyball, 78XD, EV 108.8 MPH) Runner from 3rd tags up, SCORES, no throw by CF
|
|
Batting: RHB Ken Gerhart
|
0-0: Called Strike 0-1: Ball 1-1: Called Strike 1-2: SINGLE (Line Drive, 8RS, EV 110.6 MPH)
|
|
Batting: RHB Mike Reddish
|
0-0: Ball 1-0: Fly out, F3 (Popup, 3F, EV 74.4 MPH)
|
|
Batting: RHB Jorge Hinojosa
|
0-0: Ball 1-0: Ball 2-0: Ball 3-0: Base on Balls Ken Gerhart to second
|
|
Batting: RHB Vinny Jaramillo
|
0-0: Ground out 4-3 (Groundball, 4D, EV 97.5 MPH)
|
| Bottom of the 3rd over - 1 run, 2 hits, 0 errors, 2 left on base; Reading 0 - Lynn 4 |
| TOP OF THE 4TH |
|
Reading Phillies batting - Pitching for Lynn Sailors : RHP David Cone
|
|
Batting: SHB Doug Baker
|
0-0: Swinging Strike 0-1: Swinging Strike 0-2: Strikes out looking
|
|
Batting: RHB Mark Sproesser
|
0-0: Fly out, F7 (Flyball, 7S, EV 75.6 MPH)
|
|
Batting: LHB Alex Mata
|
0-0: Ball 1-0: Ground out 3-1 (Groundball, 34, EV 101.3 MPH)
|
| Top of the 4th over - 0 runs, 0 hits, 0 errors, 0 left on base; Reading 0 - Lynn 4 |
| BOTTOM OF THE 4TH |
|
Lynn Sailors batting - Pitching for Reading Phillies : LHP John Cerutti
|
|
Batting: SHB Danny Gans
|
0-0: Ground out 5-3 (Groundball, 56, EV 105.0 MPH)
|
|
Batting: RHB Ezequiel Carrasco
|
0-0: Swinging Strike 0-1: Fly out, F9 (Flyball, 9, EV 89.4 MPH)
|
|
Batting: RHB Ron Wotus
|
0-0: Ball 1-0: Ball 2-0: Ball 3-0: Base on Balls
|
|
Batting: SHB Bip Roberts
|
0-0: DOUBLE (Groundball, 5L, EV 105.6 MPH) Ron Wotus to third Runner from 3rd tries for Home, SAFE, throw by LF to home
|
|
Batting: RHB Mike Rubel
|
0-0: Called Strike 0-1: Called Strike 0-2: Ball 1-2: SINGLE (Popup, 15S, EV 88.8 MPH) Bip Roberts to third Runner from 3rd tries for Home, SAFE, throw by C to home Mike Rubel to second
|
|
Batting: RHB Ken Gerhart
|
0-0: Ball 1-0: Ball 2-0: Foul Ball, location: 2F 2-1: Foul Ball, location: 2F 2-2: Strikes out looking
|
| Bottom of the 4th over - 2 runs, 2 hits, 0 errors, 1 left on base; Reading 0 - Lynn 6 |
| TOP OF THE 5TH |
|
Reading Phillies batting - Pitching for Lynn Sailors : RHP David Cone
|
|
Batting: LHB George Johnson
|
0-0: Ball 1-0: Ball 2-0: Called Strike 2-1: Foul Ball, location: 2F 2-2: Foul Ball, location: 2F 2-2: Ball 3-2: Base on Balls
|
|
Batting: LHB Paul Hertzler
|
0-0: Ball 1-0: Called Strike 1-1: Ball George Johnson steals 2nd base (no throw) 2-1: Ball 3-1: Foul Ball, location: 2F 3-2: SINGLE (Groundball, 6MS, EV 70.6 MPH) (infield hit) George Johnson to third
|
|
Batting: LHB Martino Martin
|
0-0: Ball Paul Hertzler steals 2nd, throwing error, E2 George Johnson scores Paul Hertzler to third 1-0: Ball 2-0: SINGLE (Line Drive, 89M, EV 93.8 MPH) Paul Hertzler scores
|
|
Batting: LHB Jerald Hammermeister
|
0-0: Ball 1-0: Called Strike Martino Martin steals 2nd base 1-1: Foul Ball, location: 2F 1-2: Ball 2-2: Fly out, F9 (Flyball, 9D, EV 81.3 MPH) Runner from 2nd tags up, SAFE at 3rd, no throw by RF
|
|
Batting: LHB Pedro Rabassa
|
0-0: Ball 1-0: SINGLE (Flyball, 78S, EV 92.5 MPH) Martino Martin scores
|
|
Batting: RHB Gabe Morales
|
0-0: Called Strike 0-1: Ball 1-1: Ball 2-1: Fly out, F7 (Flyball, 7LM, EV 91.3 MPH)
|
|
Batting: SHB Doug Baker
|
0-0: Ball 1-0: Fielders Choice at 2nd, 5-4 (Groundball, 5, EV 81.9 MPH)
|
| Top of the 5th over - 3 runs, 3 hits, 1 error, 1 left on base; Reading 3 - Lynn 6 |
| BOTTOM OF THE 5TH |
|
Lynn Sailors batting - Pitching for Reading Phillies : LHP John Cerutti
|
|
Batting: RHB Mike Reddish
|
0-0: Foul Ball, location: 2F 0-1: Fly out, F8 (Flyball, 8LS, EV 91.3 MPH)
|
|
Batting: RHB Jorge Hinojosa
|
0-0: Called Strike 0-1: Ball 1-1: Ball 2-1: SINGLE (Line Drive, 8RS, EV 101.3 MPH)
|
|
Batting: RHB Vinny Jaramillo
|
0-0: Foul Ball, location: 2F 0-1: Ground out 4-3 (Groundball, 34, EV 101.9 MPH) Jorge Hinojosa to second
|
|
Batting: SHB Danny Gans
|
0-0: Ball 1-0: Ball 2-0: Called Strike 2-1: Foul Ball, location: 2F 2-2: Ball 3-2: Fly out, F8 (Flyball, 8RS, EV 93.1 MPH)
|
| Bottom of the 5th over - 0 runs, 1 hit, 0 errors, 1 left on base; Reading 3 - Lynn 6 |
| TOP OF THE 6TH |
|
Reading Phillies batting - Pitching for Lynn Sailors : RHP David Cone
|
|
Batting: RHB Mark Sproesser
|
0-0: Called Strike 0-1: Called Strike 0-2: Foul Ball, location: 2F 0-2: Strikes out swinging
|
|
Batting: LHB Alex Mata
|
0-0: Fly out, F9 (Flyball, 89M, EV 89.4 MPH)
|
|
Batting: LHB George Johnson
|
0-0: Ball 1-0: Foul Ball, location: 2F 1-1: Hit by Pitch
|
|
Pitching: RHP Trent Ferrin
|
|
|
Batting: LHB Paul Hertzler
|
0-0: Ball 1-0: Called Strike 1-1: Ball 2-1: Swinging Strike 2-2: Ball 3-2: Strikes out looking
|
| Top of the 6th over - 0 runs, 0 hits, 0 errors, 1 left on base; Reading 3 - Lynn 6 |
| BOTTOM OF THE 6TH |
|
Lynn Sailors batting - Pitching for Reading Phillies : LHP John Cerutti
|
|
Batting: RHB Ezequiel Carrasco
|
0-0: DOUBLE (Line Drive, 3D, EV 100.0 MPH)
|
|
Batting: RHB Ron Wotus
|
0-0: Ball 1-0: Reached on error, E4 (Groundball, 4S, EV 85.0 MPH) Ezequiel Carrasco to third
|
|
Batting: SHB Bip Roberts
|
0-0: Foul Ball, location: 2F 0-1: Fielders Choice at 2nd, 4-6 (Groundball, 4, EV 84.4 MPH) Ezequiel Carrasco scores
|
|
Batting: RHB Mike Rubel
|
0-0: Foul Ball, location: 2F 0-1: Ball Passed Ball! Bip Roberts to second 1-1: Intentional Walk
|
|
Pitching: LHP Frank Treto
|
|
|
Batting: RHB Ken Gerhart
|
0-0: Called Strike 0-1: Foul Ball, location: 2F 0-2: Strikes out swinging
|
|
Batting: RHB Mike Reddish
|
0-0: Swinging Strike 0-1: Called Strike 0-2: Reached on error, E7 (Flyball, 78M, EV 92.5 MPH) Bip Roberts scores Mike Rubel to third
|
|
Batting: RHB Jorge Hinojosa
|
0-0: Ball 1-0: SINGLE (Groundball, 56D, EV 103.1 MPH) Mike Rubel scores Mike Reddish to third Runner from 3rd tries for Home, SAFE, throw by LF to home
|
|
Batting: RHB Vinny Jaramillo
|
0-0: Ball 1-0: SINGLE (Groundball, 5S, EV 70.6 MPH) (infield hit) Jorge Hinojosa to second
|
|
Batting: SHB Danny Gans
|
0-0: Ball 1-0: Called Strike 1-1: Swinging Strike 1-2: SINGLE (Line Drive, 4M, EV 107.5 MPH) Jorge Hinojosa to third Vinny Jaramillo to second Runner from 3rd tries for Home, SAFE, throw by CF to home
|
|
Batting: RHB Ezequiel Carrasco
|
0-0: Swinging Strike 0-1: Ball 1-1: Fielders Choice at 2nd, 5-4 (Groundball, 56, EV 92.5 MPH)
|
| Bottom of the 6th over - 5 runs, 4 hits, 2 errors, 2 left on base; Reading 3 - Lynn 11 |
| TOP OF THE 7TH |
|
Reading Phillies batting - Pitching for Lynn Sailors : RHP Trent Ferrin
|
|
Pinch Hitting: LHB Billy Weems
|
0-0: Called Strike 0-1: Fly out, F4 (Line Drive, 4, EV 67.5 MPH)
|
|
Batting: LHB Jerald Hammermeister
|
0-0: Ball 1-0: SOLO HOME RUN (Flyball, 89XD, EV 91.3 MPH), Distance : 456 ft
|
|
Batting: LHB Pedro Rabassa
|
0-0: Ball 1-0: Ball 2-0: Ball 3-0: Base on Balls
|
|
Batting: RHB Gabe Morales
|
0-0: Fly out, F7 (Flyball, 7D, EV 99.4 MPH)
|
|
Pinch Hitting: RHB Daniel Davidsmeier
|
0-0: Ground out 5-3 (Groundball, 56S, EV 95.0 MPH)
|
| Top of the 7th over - 1 run, 1 hit, 0 errors, 1 left on base; Reading 4 - Lynn 11 |
| BOTTOM OF THE 7TH |
|
Lynn Sailors batting - Pitching for Reading Phillies : LHP Frank Treto
|
|
Now at 3B: Daniel Davidsmeier
|
|
|
Now in CF: Billy Weems
|
|
|
Pinch Hitting: SHB Rosben Majam
|
0-0: Ball 1-0: Ball 2-0: Called Strike 2-1: Ball 3-1: SINGLE (Groundball, 4M, EV 108.1 MPH) (infield hit)
|
|
Batting: SHB Bip Roberts
|
0-0: Called Strike 0-1: Ball 1-1: Called Strike 1-2: SINGLE (Line Drive, 78M, EV 98.1 MPH) Rosben Majam to second
|
|
Batting: RHB Mike Rubel
|
0-0: Ball Wild Pitch! Rosben Majam to third Bip Roberts to second 1-0: Swinging Strike 1-1: SINGLE (Groundball, 56D, EV 105.6 MPH) Rosben Majam scores Bip Roberts to third Runner from 3rd tries for Home, SAFE, throw by LF to home
|
|
Batting: RHB Ken Gerhart
|
0-0: Called Strike 0-1: Foul Ball, location: 2F 0-2: Fly out, F9 (Flyball, 89S, EV 91.9 MPH)
|
|
Batting: RHB Mike Reddish
|
0-0: Called Strike 0-1: Called Strike 0-2: Ball 1-2: DOUBLE (Groundball, 5L, EV 106.3 MPH) Mike Rubel to third Runner from 3rd tries for Home, SAFE, throw by LF to home
|
|
Pitching: RHP Mark Parker
|
|
|
Pinch Hitting: RHB Carmelo Castillo
|
0-0: Ball 1-0: Ball 2-0: Ball 3-0: Called Strike 3-1: Fly out, F8 (Line Drive, 8RD, EV 88.1 MPH)
|
|
Batting: RHB Vinny Jaramillo
|
0-0: Called Strike 0-1: Foul Ball, location: 2F 0-2: Fly out, F8 (Flyball, 8LS, EV 87.5 MPH)
|
| Bottom of the 7th over - 3 runs, 4 hits, 0 errors, 1 left on base; Reading 4 - Lynn 14 |
| TOP OF THE 8TH |
|
Reading Phillies batting - Pitching for Lynn Sailors : RHP Trent Ferrin
|
|
Pitching: RHP Roberto Yan
|
|
|
Now at 1B: Lee Wenzel
|
|
|
Now in LF: Carmelo Castillo
|
|
|
Pinch Hitting: RHB Richard Hyatt
|
0-0: Ball 1-0: Called Strike 1-1: Ball 2-1: Foul Ball, location: 2F 2-2: Ball 3-2: Base on Balls
|
|
Batting: LHB Alex Mata
|
0-0: Ball 1-0: Called Strike 1-1: Fly out, F7 (Flyball, 7, EV 84.4 MPH)
|
|
Batting: LHB George Johnson
|
0-0: Ball 1-0: Foul Ball, location: 2F 1-1: DOUBLE (Line Drive, 78D, EV 106.9 MPH) Richard Hyatt to third
|
|
Batting: LHB Paul Hertzler
|
0-0: Ball 1-0: DOUBLE (Line Drive, 5D, EV 94.4 MPH) Richard Hyatt scores George Johnson scores
|
|
Batting: LHB Billy Weems
|
0-0: Called Strike 0-1: Ball 1-1: Called Strike 1-2: Fly out, F9 (Flyball, 89M, EV 89.4 MPH)
|
|
Batting: LHB Jerald Hammermeister
|
0-0: Ball 1-0: Ball 2-0: Ball 3-0: Base on Balls
|
|
Batting: LHB Pedro Rabassa
|
0-0: Called Strike 0-1: Fly out, F1 (Line Drive, P, EV 66.3 MPH)
|
| Top of the 8th over - 2 runs, 2 hits, 0 errors, 2 left on base; Reading 6 - Lynn 14 |
| BOTTOM OF THE 8TH |
|
Lynn Sailors batting - Pitching for Reading Phillies : RHP Mark Parker
|
|
Now at 3B: Richard Hyatt
|
|
|
Batting: SHB Danny Gans
|
0-0: Ball 1-0: SINGLE (Groundball, 3D, EV 96.9 MPH)
|
|
Batting: RHB Ezequiel Carrasco
|
0-0: Fielders Choice at 2nd, 4-6 (Groundball, 34, EV 104.4 MPH)
|
|
Batting: RHB Lee Wenzel
|
0-0: Swinging Strike 0-1: Ball 1-1: Foul Ball, location: 2F 1-2: Ball 2-2: Ball 3-2: Foul Ball, location: 2F 3-2: Strikes out looking
|
|
Batting: SHB Bip Roberts
|
0-0: Called Strike 0-1: Foul Ball, location: 2F 0-2: Ball 1-2: Ball 2-2: Ball 3-2: Foul Ball, location: 2F 3-2: Base on Balls Ezequiel Carrasco to second
|
|
Batting: RHB Mike Rubel
|
0-0: Called Strike 0-1: Ball 1-1: Ball Wild Pitch! Ezequiel Carrasco to third Bip Roberts to second 2-1: Ball 3-1: Foul Ball, location: 2F 3-2: Strikes out swinging
|
| Bottom of the 8th over - 0 runs, 1 hit, 0 errors, 2 left on base; Reading 6 - Lynn 14 |
| TOP OF THE 9TH |
|
Reading Phillies batting - Pitching for Lynn Sailors : RHP Roberto Yan
|
|
Batting: RHB Gabe Morales
|
0-0: Ball 1-0: Ball 2-0: Ball 3-0: Called Strike 3-1: Called Strike 3-2: Ground out 4-3 (Groundball, 4, EV 80.6 MPH)
|
|
Batting: RHB Daniel Davidsmeier
|
0-0: Ball 1-0: Ground out 4-3 (Groundball, 4, EV 90.0 MPH)
|
|
Batting: RHB Richard Hyatt
|
0-0: Ball 1-0: Foul Ball, location: 2F 1-1: Ball 2-1: Swinging Strike 2-2: Fly out, F8 (Flyball, 8LD, EV 91.3 MPH)
|
| Top of the 9th over - 0 runs, 0 hits, 0 errors, 0 left on base; Reading 6 - Lynn 14 |
|